 Dungeon Crawl Stone Soup version 0.31-a0-841-g038b102fc3 (webtiles) character file.

Game seed: 3585584442422782219

144694 randomguy2701 the Nimble (level 17, -2/133 (137) HPs)
             Began as a Gnoll Wanderer on Sept 27, 2023.
             Was an Elder of Ashenzari.
             Killed from afar by a jorogumo (15 damage)
             ... with a bolt of negative energy
             ... on level 1 of the Spider Nest on Sept 28, 2023.
             The game lasted 02:07:15 (42599 turns).

randomguy2701 the Nimble (Gnoll Wanderer)          Turns: 42599, Time: 02:07:15

HP:   -2/133 (137)  AC:  9    Str: 12    XL:     17   Next: 10%
MP:   14/36         EV: 25    Int: 20    God:    Ashenzari [****..]
Gold: 703           SH:  0    Dex: 16    Spells: 9/46 levels left

rFire   . . .        x - +4 dire flail "Overhang to Understand" {venom, Alch, Fort} (curse)
rCold   . . .        (shield currently unavailable)
rNeg    + . .        p - +0 robe of the Dragon {Regen+ Int+3 Stlth-}
rPois   .            M - +0 helmet of the Manifest Sun {Alch, Comp} (curse)
rElec   .            X - +1 cloak of Ouranomancy {Alch, Self} (curse)
rCorr   .            G - +0 pair of gloves of Ashenzari's Pleiades {Melee, Fort} (curse)
SInv    +            (no boots)
Will    +....        a - amulet of the Raven {RegenMP rN+}
Stlth   ++++         g - ring of the Hero {EV+5 Int+2}
HPRegen 1.22/turn    q - ring of Supernal Gnosis {Wiz, Bglg, Comp} (curse)
MPRegen 0.65/turn

%: clarity, wizardry (x1)
@: slowed, lightly drained, very slow
A: fangs 1, strong nose, distributed training
}: 1/15 runes: barnacled
a: Renounce Religion, Curse Item, Shatter the Chains


You were on level 1 of the Spider Nest.
You worshipped Ashenzari.
Ashenzari was greatly pleased with you.
You visited 5 branches of the dungeon, and saw 25 of its levels.
You also visited: Volcano.

You collected 2807 gold pieces.
You spent 2104 gold pieces at shops.

Inventory:

Hand Weapons
 x - the cursed +4 dire flail "Overhang to Understand" (weapon) {venom, Alch, Fort}
   (You took it off Edmund on level 5 of the Dungeon)

   It has a curse which improves the following skills: Alchemy: Poison Magic and
   Transmutations.
   Fortitude: Armour and Shields.
 V - the +12 glaive of Prune {freeze, Prune}
   (You found it on level 4 of the Shoals)

   Prune:     It halves damage taken while paralysed, petrified or unconscious.
Armour
 d - a +2 robe of willpower
 o - a +10 plate armour of ponderousness
 p - the +0 robe of the Dragon (worn) {Regen+ Int+3 Stlth-}
   (You bought it in a shop on level 2 of the Orcish Mines)

   Int+3:     It affects your intelligence (+3).
   Regen+:    It increases your rate of health regeneration.
   Stlth-:    It makes you less stealthy.
 G - the cursed +0 pair of gloves of Ashenzari's Pleiades (worn) {Melee, Fort}
   (You found it on level 7 of the Dungeon)

   It has a curse which improves the following skills: Melee Combat: Short
   Blades, Long Blades, Axes, Maces & Flails, Polearms, Staves and Unarmed
   Combat.
   Fortitude: Armour and Shields.
 M - the cursed +0 helmet of the Manifest Sun (worn) {Alch, Comp}
   (You found it on level 9 of the Dungeon)

   It has a curse which improves the following skills: Alchemy: Poison Magic and
   Transmutations.
   Companions: Summonings and Necromancy.
 X - the cursed +1 cloak of Ouranomancy (worn) {Alch, Self}
   (You found it on level 3 of the Lair of Beasts)

   It has a curse which improves the following skills: Alchemy: Poison Magic and
   Transmutations.
   Introspection: Fighting and Spellcasting.
Jewellery
 a - the amulet of the Raven (around neck) {RegenMP rN+}
   (You found it on level 1 of the Shoals)

   [amulet of magic regeneration]

   RegenMP:   It increases your rate of magic regeneration.
   rN+:       It protects you from negative energy.
 g - the ring of the Hero (left hand) {EV+5 Int+2}
   (You bought it in a shop on level 1 of the Orcish Mines)

   [ring of evasion]

   EV+5:      It affects your evasion (+5).
   Int+2:     It affects your intelligence (+2).
 q - the cursed ring of Supernal Gnosis (right hand) {Wiz, Bglg, Comp}
   (You found it on level 3 of the Dungeon)

   [ring of wizardry]

   Wiz:       It improves your spell success rate.
   It has a curse which improves the following skills: Beguiling: Conjurations,
   Hexes and Translocations.
   Companions: Summonings and Necromancy.
 w - a +6 ring of intelligence
 y - a ring of fire
 B - a ring of protection from fire
 E - a ring of the Octopus King {rCorr HP+2 AC+2 EV+2 SH+2}
   (You bought it in a shop on level 1 of the Orcish Mines)

   [ring of resist corrosion]

   AC+2:      It affects your AC (+2).
   EV+2:      It affects your evasion (+2).
   HP+2:      It affects your health (+2).
   rCorr:     It protects you from acid and corrosion.
   SH+2:      It affects your SH (+2).
 K - a ring of ice
 N - a ring of wizardry
 P - a ring of protection from fire
 Q - a ring of magical power
 R - an amulet of the acrobat
 W - a ring of poison resistance
Wands
 b - a wand of flame (62)
 D - a wand of paralysis (39)
 H - a wand of light (11)
 O - a wand of polymorph (6)
 S - a wand of iceblast (12)
Scrolls
 e - a scroll of torment
 f - 29 scrolls of identify
 j - 7 scrolls of revelation
 k - 5 scrolls of teleportation
 n - 4 scrolls of fog
 s - 3 scrolls of poison
 t - 6 scrolls of noise
 v - 4 scrolls of silence
 C - 2 scrolls of amnesia
 J - 3 scrolls of enchant weapon
 L - 2 scrolls of immolation
 T - a scroll of brand weapon
 U - 3 scrolls of fear
 Y - 2 scrolls of summoning
 Z - 3 scrolls of enchant armour
Potions
 c - a potion of berserk rage
 h - a potion of haste
 i - 3 potions of curing
 l - 4 potions of brilliance
 m - 2 potions of resistance
 r - 4 potions of mutation
 u - 4 potions of attraction
 z - 2 potions of invisibility
 A - a potion of enlightenment
 F - 3 potions of lignification
 I - 2 potions of might


   Skills:
 + Level 11.6(13.4) Fighting
 + Level 11.6(13.4) Short Blades
 + Level 11.6(13.4) Long Blades
 + Level 11.6(13.4) Axes
 + Level 11.6(13.4) Maces & Flails
 + Level 11.6(13.4) Polearms
 + Level 11.6(13.4) Staves
 + Level 11.6 Ranged Weapons
 + Level 11.6 Throwing
 + Level 11.6(14.2) Armour
 + Level 14.2 Dodging
 + Level 11.6 Stealth
 + Level 11.6(14.2) Shields
 + Level 11.6(13.4) Unarmed Combat
 + Level 13.5(15.2) Spellcasting
 + Level 9.8(11.6) Conjurations
 + Level 9.8(11.6) Hexes
 + Level 9.8(12.5) Summonings
 + Level 9.8(12.5) Necromancy
 + Level 9.8(11.6) Translocations
 + Level 9.8(13.4) Transmutations
 + Level 9.8 Fire Magic
 + Level 9.8 Ice Magic
 + Level 9.8 Air Magic
 + Level 10.0 Earth Magic
 + Level 9.8(13.4) Poison Magic
 + Level 12.6 Invocations
 + Level 12.4 Evocations
 + Level 10.7 Shapeshifting


You had 9 spell levels left.
You knew the following spells:

 Your Spells              Type           Power      Damage    Failure   Level
a - Sandblast             Erth           100%       2d20      1%          1
b - Stone Arrow           Conj/Erth      100%       3d13      1%          3
c - Poisonous Vapours     Pois/Air       100%       N/A       1%          2
d - Ensorcelled Hibernat  Hex/Ice        100%       N/A       1%          2
e - Volatile Blastmotes   Fire/Tloc      100%       2d18      1%          3
f - Summon Ice Beast      Ice/Summ       56%        N/A       1%          4
g - Monstrous Menagerie   Summ           30%        N/A       9%          7
h - Summon Mana Viper     Hex/Summ       59%        N/A       1%          5
i - Summon Lightning Spi  Summ/Air       56%        N/A       1%          4
j - Plasma Beam           Fire/Air       26%        2x1d39    4%          6

Your spell library contained the following spells:

 Spells                   Type           Power      Damage    Failure   Level
 Sting                    Tmut/Pois      100%       1d8       0%          1
 Apportation              Tloc           100%       N/A       1%          1
 Cigotuvi's Dreadful Rot  Necr/Pois/Air  100%       N/A       1%          2
 Jinxbite                 Hex            100%       N/A       1%          2
 Lesser Beckoning         Tloc           100%       N/A       1%          2
 Scorch                   Fire           100%       2d9       1%          2
 Dazzling Flash           Conj/Hex       100%       N/A       1%          3
 Gell's Gravitas          Tloc           58%        N/A       1%          3
 Ignite Poison            Fire/Tmut/Pois 59%        N/A       1%          3
 Teleport Other           Tloc           58%        N/A       1%          3
 Anguish                  Hex/Necr       29%        N/A       1%          4
 Animate Armour           Summ/Erth      100%       N/A       1%          4
 Flame Wave               Conj/Fire      55%        2d13      1%          4
 Fulminant Prism          Conj/Hex       29%        3d14      1%          4
 Iskenderun's Mystic Bla  Conj/Tloc      58%        2d12      1%          4
 Olgreb's Toxic Radiance  Pois           62%        N/A       1%          4
 Vhi's Electric Charge    Tloc/Air       100%       N/A       1%          4
 Alistair's Intoxication  Tmut/Pois      41%        N/A       1%          5
 Arcjolt                  Conj/Air       27%        1d37      1%          5
 Freezing Cloud           Conj/Ice/Air   27%        6-21      1%          5
 Irradiate                Conj/Tmut      30%        3d21      1%          5
 Lee's Rapid Deconstruct  Erth           26%        3d14*     1%          5
 Summon Cactus Giant      Summ           30%        N/A       1%          6
 Starburst                Conj/Fire      27%        6d9       3%          6
 Discord                  Hex            29%        N/A       63%         8
 Ignition                 Fire           26%        3d9       86%         8
 Maxwell's Capacitive Co  Air            26%        ∞         86%         8


Dungeon Overview and Level Annotations

Branches:
Dungeon (13/15)            Temple (0/1) D:4            Lair (5/5) D:10
 Shoals (4/4) Lair:3       Spider (1/4) Lair:3        Slime (0/5) Lair:5
    Orc (2/2) D:9             Elf (0/3) Orc:2        Vaults (0/5) D:13
Volcano (visited)

Altars:
Ashenzari
Elyvilon
Fedhas
Kikubaaqudgha
Makhleb
Nemelex Xobeh
Qazlal
Ru
Trog
Vehumet
Wu Jian
Xom
Yredelemnul
Zin
The Shining One
Jiyva

Shops:
D:9 (   D:11 ?   Orc:1 !==*!   Orc:2 ([*:   Shoals:1 **   Shoals:2 *

Annotations:
D:7 exclusion: statue
Lair:5 exclusion: oklob plant


Innate Abilities, Weirdness & Mutations

You have very sharp teeth.
Your uncanny sense of smell can sniff out nearby items.
Your experience applies equally to all skills.


Message History

Your ice beast is caught in a web!
The jumping spider leaps!
Unknown command.
You feel very sick. The wolf spider closely misses you.
The wolf spider misses you. x2
The wolf spider completely misses you. The jorogumo casts a spell at you.
The stream of webbing hits you but does no damage.
You are caught in a web!
Your ice beast pulls away from the web.
There is a web here.
You see here a tarantella corpse.
The web tears apart.
You feel very sick.
The jumping spider leaps!
The wolf spider closely misses you. The wolf spider bites you!
* * * LOW HITPOINT WARNING * * *
The jorogumo hits you.
* * * LOW HITPOINT WARNING * * *
You feel yourself slow down.
The jumping spider leaps!
Unknown command.
You swap places.
You feel very sick. The wolf spider hits your ice beast!
The wolf spider bites your ice beast!
Your ice beast dies!
Your ice beast disappears in a puff of smoke!
The jumping spider leaps!
The jorogumo hits you!!
* * * LOW HITPOINT WARNING * * *
You are lethally poisoned!
You feel as though you will be slow longer.
The demonic crawler misses you.
The demonic crawler hits you but does no damage. x2
The jorogumo closely misses you. The demonic crawler misses you.
The demonic crawler barely misses you. x2
You feel better. The demonic crawler hits you!
* * * LOW HITPOINT WARNING * * *
The demonic crawler misses you. x2
The jorogumo stares at you and mumbles some strange words.
The bolt of negative energy hits you! You partially resist.
You feel drained.
You die...

,,,,,,,,,,*,,,*,,,,,
,,,****....#,,,**,,**
,***,,*#...#,,,,**,,*
,*,,,,,#...##,,**^,,,
,*,,,,,#....##,,**,.*
,*,,,,,#.....##,,,.#*
,,,,,,,#......###...*
,,,#####..H.°.......,
,,,#.^s.^ss@<.......^
***#......#^........,
*^,#...H°.#.........*
*....####......####.,
*...**,,##.###..#,,,,
,..,*,,,,###,,.....,,
,,,*,,,,****,,#..##*,
,,**,,,,* *,,**...#,,
,,,,,,,,* *,,*,.###*,


You could see 2 jorogumos, a demonic crawler, a wolf spider and a jumping
spider.

Vanquished Creatures
  An angel (Shoals:4)
  A merfolk javelineer (Shoals:4)
  2 merfolk impalers (Shoals:4)
  A centaur warrior (D:13)
  3 hydras
  2 boulder beetles
  2 two-headed ogres
  A merfolk aquamancer (Shoals:4)
  3 orc high priests (Orc:2)
  2 skysharks
  4 sea snakes
  6 harpies
  21 nameless horrors
  2 orc knights
  An orc sorcerer (Orc:2)
  An ugly thing (D:11)
  A manticore (shapeshifter) (D:12)
  2 deep elf pyromancers
  3 manticores
  3 fauns
  2 cyclopes
  A salamander (shapeshifter) (D:13)
  2 merfolk sirens
  17 elephants
  Maurice (Orc:2)
  A black mamba (Lair:1)
  A water nymph (Shoals:1)
  5 cane toads
  3 rime drakes
  3 unseen horrors
  6 komodo dragons
  An efreet (D:13)
  2 ice devils (Orc:2)
  4 trolls
  11 merfolk
  Grinder (D:6)
  A hornet (D:9)
  A wind drake (Shoals:1)
  2 dream sheep
  11 blink frogs
  Prince Ribbit (D:6)
  2 snapping turtles
  3 slime creatures (D:13)
  A spriggan (shapeshifter) (D:13)
  3 culicivoras (Lair:3)
  2 shadows
  3 basilisks
  3 water elementals
  30 yaks
  8 wyverns
  4 fire bats (Lair:4)
  A vampire (D:10)
  3 wraiths
  The ghost of CraigForest the Slasher, an amateur HOMo (D:4)
  A fire bat (shapeshifter) (D:12)
  2 steam dragons (Lair:5)
  Menkaure (D:6)
  Edmund (D:5)
  2 wargs (Orc:2)
  2 acid dragons
  13 water moccasins
  2 swamp drakes (Lair:5)
  19 orc warriors
  2 sky beasts
  5 black bears
  3 ice beasts
  5 ogres
  13 wolves
  2 centaurs (D:10)
  2 kobold brigands
  14 bullfrogs
  A gnoll sergeant (D:9)
  2 scorpions (D:6)
  3 wights (D:8)
  3 killer bees (D:9)
  2 howler monkeys
  7 crimson imps (D:7)
  A jelly (D:4)
  5 hounds
  16 orc priests
  2 sleepcaps (D:7)
  10 iguanas
  17 orc wizards
  A hound zombie (D:2)
  4 gnolls (D:9)
  13 adders
  A shadow imp (D:6)
  3 white imps
  2 ufetubi
  A worm (D:4)
  56 orcs
  2 bat skeletons (D:2)
  8 endoplasms
  3 giant cockroaches
  8 goblins
  8 hobgoblins
  A jackal (D:1)
  12 kobolds
  3 quokkas
  3 ball pythons
  A ball python skeleton (D:2)
  A ball python zombie (D:2)
  7 bats
  6 frilled lizards
  A quokka skeleton (D:2)
  A quokka zombie (D:2)
  6 rats
513 creatures vanquished.

Vanquished Creatures (collateral kills)
  A kraken (Shoals:4)
  Kirke (Lair:4)
  2 orc warlords (Orc:2)
  An ironbound preserver (D:13)
  An elemental wellspring (Shoals:1)
  6 merfolk javelineers
  5 merfolk impalers
  A fire dragon (Lair:5)
  2 hydras
  8 merfolk aquamancers
  3 merfolk avatars
  3 centaur warriors
  A boulder beetle (D:13)
  An alligator snapping turtle (Shoals:1)
  A death yak (Shoals:4)
  A satyr (Shoals:3)
  A two-headed ogre (D:12)
  An orc high priest (Orc:1)
  5 sea snakes
  A swamp dragon (Lair:5)
  3 cherubim (Shoals:4)
  3 orc knights
  8 harpies
  A wolf spider (Spider:1)
  7 manticores
  3 cyclopes
  8 elephants
  3 orc sorcerers (Orc:2)
  8 fauns
  3 ugly things (D:13)
  6 water nymphs
  2 black mambas (Lair:5)
  3 merfolk sirens
  An unseen horror (D:12)
  2 cane toads (Lair:5)
  3 komodo dragons
  2 trolls
  11 merfolk
  A tarantella (Spider:1)
  4 wind drakes
  8 blink frogs
  19 dream sheep
  8 snapping turtles
  9 slime creatures (D:13)
  12 yaks
  A fire elemental (Volcano)
  A hog (Lair:4)
  8 water elementals
  4 vampire mosquitoes
  2 wargs
  An acid dragon (D:11)
  2 water moccasins (Lair:5)
  7 nameless horrors
  19 orc warriors
  2 ogres (Orc:2)
  3 wolves (Lair:3)
  A centaur (D:12)
  A bullfrog (Lair:2)
  An electric eel (Lair:3)
  9 orc priests
  An iguana (Lair:5)
  14 orc wizards
  43 orcs
  3 tentacles (Shoals:4)
307 creatures vanquished.

Vanquished Creatures (others)
  A slime creature (D:12)
  A basilisk (Lair:4)
  A human (Lair:4)
  An orc (Orc:2)
  6 tentacles (Shoals:4)
10 creatures vanquished.

Grand Total: 830 creatures vanquished

Notes
Turn   | Place    | Note
-------+----------+-------------------------------------------
     0 | D:1      | randomguy2701 the Gnoll Wanderer began the quest for the
                  | Orb.
     0 | D:1      | randomguy2701 set off with the following items: a +0 club,
                  | a wand of flame (6), a potion of berserk rage, a +2 leather
                  | armour; and the following spell memorised: Sandblast; and
                  | the following spells available to memorise: Stone Arrow.
     0 | D:1      | Reached XP level 1. HP: 13/13 MP: 8/8
    16 | D:1      | Reached XP level 2. HP: 19/19 MP: 0/10
   691 | D:2      | Found a shimmering altar of Xom.
   703 | D:2      | Reached XP level 3. HP: 18/25 MP: 7/11
   955 | D:2      | Found a faded altar of an unknown god.
  1058 | D:2      | Reached skill level 1 in Invocations
  1215 | D:2      | Reached skill level 1 in Fighting
  1215 | D:2      | Reached skill level 1 in Short Blades
  1215 | D:2      | Reached skill level 1 in Long Blades
  1215 | D:2      | Reached skill level 1 in Axes
  1215 | D:2      | Reached skill level 1 in Maces & Flails
  1215 | D:2      | Reached skill level 1 in Polearms
  1215 | D:2      | Reached skill level 1 in Staves
  1215 | D:2      | Reached skill level 1 in Ranged Weapons
  1215 | D:2      | Reached skill level 1 in Throwing
  1215 | D:2      | Reached skill level 1 in Armour
  1215 | D:2      | Reached skill level 1 in Stealth
  1215 | D:2      | Reached skill level 1 in Shields
  1215 | D:2      | Reached skill level 1 in Unarmed Combat
  1323 | D:2      | Reached skill level 1 in Shapeshifting
  1323 | D:2      | Reached XP level 4. HP: 29/32 MP: 8/13
  1839 | D:3      | Reached skill level 1 in Conjurations
  1839 | D:3      | Reached skill level 1 in Hexes
  1839 | D:3      | Reached skill level 1 in Summonings
  1839 | D:3      | Reached skill level 1 in Necromancy
  1839 | D:3      | Reached skill level 1 in Translocations
  1839 | D:3      | Reached skill level 1 in Transmutations
  1839 | D:3      | Reached skill level 1 in Fire Magic
  1839 | D:3      | Reached skill level 1 in Ice Magic
  1839 | D:3      | Reached skill level 1 in Air Magic
  1839 | D:3      | Reached skill level 1 in Poison Magic
  2100 | D:3      | Reached XP level 5. HP: 37/37 MP: 10/14
  2140 | D:3      | Identified the +2 chain mail of the Hippo {Dex+4 Slay+3}
  2169 | D:3      | Found a broken altar of Ashenzari.
  2422 | D:3      | Became a worshipper of Ashenzari the Shackled
  2449 | D:4      | Noticed CraigForest's ghost (amateur HOMo)
  2471 | D:4      | Found a runed translucent gate.
  2471 | D:4      | Found a runed translucent gate.
  2472 | D:4      | Found a runed translucent gate.
  2593 | D:4      | Learned a level 3 spell: Stone Arrow
  2716 | D:4      | Found a sacrificial altar of Ru.
  2737 | D:4      | Found a shimmering altar of Xom.
  2741 | D:4      | Noticed a black bear
  2759 | D:4      | Killed a black bear
  2760 | D:4      | Reached skill level 5 in Evocations
  2760 | D:4      | Reached XP level 6. HP: 33/44 MP: 10/16
  3200 | D:4      | Found a staircase to the Ecumenical Temple.
  3387 | D:4      | Noticed a sky beast
  3606 | D:4      | Killed a sky beast
  3607 | D:4      | Reached XP level 7. HP: 42/51 MP: 1/18
  3730 | D:5      | Entered Level 5 of the Dungeon
  4149 | D:5      | Found a blossoming altar of Fedhas.
  4233 | D:5      | Found a burning altar of Makhleb.
  4238 | D:5      | Reached skill level 9 in Dodging
  4306 | D:5      | Reached * piety under Ashenzari
  4523 | D:6      | Noticed Edmund
  4697 | D:5      | Killed Edmund
  4837 | D:6      | Found an ornate altar of the Wu Jian Council.
  4864 | D:6      | Reached XP level 8. HP: 48/57 MP: 13/19
  5116 | D:6      | Found a sparkling altar of Nemelex Xobeh.
  5164 | D:6      | Noticed Grinder
  5187 | D:6      | Killed Grinder
  5384 | D:6      | Noticed Prince Ribbit
  5384 | D:6      | Noticed Menkaure
  5917 | D:6      | Killed Menkaure
  6058 | D:6      | Reached XP level 9. HP: 61/65 MP: 16/21
  6366 | D:7      | Noticed a troll
  6540 | D:7      | Found an ancient bone altar of Kikubaaqudgha.
  6996 | D:7      | Found a radiant altar of Vehumet.
  7350 | D:6      | Killed Prince Ribbit
  7702 | D:4      | Learned a level 2 spell: Poisonous Vapours
  7900 | D:4      | Killed CraigForest's ghost
  8379 | D:7      | Reached skill level 5 in Invocations
  8614 | D:7      | Reached XP level 10. HP: 73/73 MP: 0/22
  8918 | D:8      | Reached skill level 5 in Fighting
  8918 | D:8      | Reached skill level 5 in Short Blades
  8918 | D:8      | Reached skill level 5 in Long Blades
  8918 | D:8      | Reached skill level 5 in Axes
  8918 | D:8      | Reached skill level 5 in Maces & Flails
  8918 | D:8      | Reached skill level 5 in Polearms
  8918 | D:8      | Reached skill level 5 in Staves
  8918 | D:8      | Reached skill level 5 in Ranged Weapons
  8918 | D:8      | Reached skill level 5 in Throwing
  8918 | D:8      | Reached skill level 5 in Armour
  8918 | D:8      | Reached skill level 5 in Stealth
  8918 | D:8      | Reached skill level 5 in Shields
  8918 | D:8      | Reached skill level 5 in Unarmed Combat
  8958 | D:8      | Reached skill level 10 in Dodging
  9472 | D:8      | Found a bloodstained altar of Trog.
 10490 | D:9      | Reached skill level 5 in Earth Magic
 10490 | D:9      | Reached ** piety under Ashenzari
 10509 | D:9      | Found a staircase to the Orcish Mines.
 10509 | D:9      | Found Roisoq's Weapon Shoppe.
 10855 | D:9      | Reached skill level 5 in Shapeshifting
 11481 | D:10     | Entered Level 10 of the Dungeon
 11481 | D:10     | Found a staircase to the Lair.
 12197 | D:9      | Reached XP level 11. HP: 35/81 MP: 10/24
 12497 | D:10     | Reached skill level 5 in Conjurations
 12497 | D:10     | Reached skill level 5 in Hexes
 12497 | D:10     | Reached skill level 5 in Summonings
 12497 | D:10     | Reached skill level 5 in Necromancy
 12497 | D:10     | Reached skill level 5 in Translocations
 12497 | D:10     | Reached skill level 5 in Transmutations
 12497 | D:10     | Reached skill level 5 in Fire Magic
 12497 | D:10     | Reached skill level 5 in Ice Magic
 12497 | D:10     | Reached skill level 5 in Air Magic
 12497 | D:10     | Reached skill level 5 in Poison Magic
 12736 | D:10     | Found a basalt altar of Yredelemnul.
 13151 | D:10     | Found a stormy altar of Qazlal.
 13764 | Lair:1   | Entered Level 1 of the Lair of Beasts
 14129 | Lair:1   | Reached *** piety under Ashenzari
 15642 | Lair:1   | Learned a level 2 spell: Ensorcelled Hibernation
 15646 | Lair:1   | Learned a level 3 spell: Volatile Blastmotes
 15960 | Lair:2   | Reached skill level 10 in Spellcasting
 16131 | Lair:1   | HP: 4/83 [shot self (21)]
 16212 | Lair:1   | HP: 4/83 [elephant (1)]
 16558 | Lair:1   | Reached skill level 11 in Dodging
 17056 | D:11     | Noticed a deep elf pyromancer
 17062 | D:11     | Killed a deep elf pyromancer
 17063 | D:11     | Reached XP level 12. HP: 87/91 MP: 23/26
 17644 | D:11     | Found Oceu's Magic Scroll Boutique.
 18005 | D:11     | Noticed a boulder beetle
 18011 | D:11     | Learned a level 4 spell: Summon Ice Beast
 18023 | D:11     | Killed a boulder beetle
 18339 | D:11     | Noticed a two-headed ogre
 18345 | D:11     | Killed a two-headed ogre
 19394 | Lair:2   | Noticed an eight-headed hydra
 19748 | Lair:2   | Learned a level 7 spell: Monstrous Menagerie
 19883 | Lair:2   | Killed an eight-headed hydra
 20811 | Lair:3   | Reached **** piety under Ashenzari
 20831 | Lair:3   | Found a dark tunnel.
 20837 | Volcano  | Entered a volcano
 20939 | Volcano  | Noticed a nameless horror
 21022 | Lair:3   | Noticed a boulder beetle
 21039 | Lair:3   | Killed a boulder beetle
 21318 | Lair:3   | Found a hole to the Spider Nest.
 21506 | Lair:3   | Reached XP level 13. HP: 103/103 MP: 15/29
 23213 | Lair:3   | Found a staircase to the Shoals.
 23415 | Lair:4   | Identified the +2 dire flail of Irritation {heavy, rC++
                  | Str-2}
 23626 | Lair:4   | Noticed Kirke
 23639 | Lair:4   | Killed Kirke
 23639 | Lair:4   | Identified the cursed +4 dire flail "Overhang to
                  | Understand" {venom, Alch, Fort} (You took it off Edmund on
                  | level 5 of the Dungeon)
 23639 | Lair:4   | Identified the cursed +0 helmet of the Manifest Sun {Alch,
                  | Comp} (You found it on level 9 of the Dungeon)
 23639 | Lair:4   | Identified the cursed +0 pair of gloves of Ashenzari's
                  | Pleiades {Melee, Fort} (You found it on level 7 of the
                  | Dungeon)
 23639 | Lair:4   | Identified the cursed ring of Panopticon {EV+5, Comp, Alch}
                  | (You found it on level 1 of the Dungeon)
 23639 | Lair:4   | Identified the cursed ring of Supernal Gnosis {Wiz, Bglg,
                  | Comp} (You found it on level 3 of the Dungeon)
 23743 | Lair:4   | Reached skill level 12 in Dodging
 24789 | Lair:5   | Entered Level 5 of the Lair of Beasts
 25194 | Lair:5   | Reached skill level 10 in Evocations
 25447 | Lair:5   | Reached XP level 14. HP: 96/111 MP: 17/31
 25898 | Lair:5   | Reached skill level 10 in Invocations
 26858 | Lair:5   | Found a viscous altar of Jiyva.
 26976 | Lair:5   | Identified the +8 hand axe "Ryfah" {holy, rN+ Str+3 Dex-4}
 27015 | Lair:5   | Learned a level 5 spell: Summon Mana Viper
 27252 | Lair:3   | Reached ***** piety under Ashenzari
 29093 | D:13     | Found a gate to the Vaults.
 29093 | D:13     | Noticed an ironbound preserver
 29107 | D:13     | Killed an ironbound preserver
 30488 | Orc:1    | Entered Level 1 of the Orcish Mines
 30494 | Orc:1    | Reached XP level 15. HP: 101/123 MP: 21/34
 30930 | Orc:1    | Found Pucyeg's Distillery.
 30986 | Orc:1    | Found Lupnyst's General Store.
 31125 | Orc:1    | Found Messipto's Jewellery Shoppe.
 31141 | Orc:1    | Found Vasch's Distillery.
 31279 | Orc:1    | Found a runed translucent door.
 31381 | Orc:1    | Reached skill level 10 in Fighting
 31381 | Orc:1    | Reached skill level 10 in Short Blades
 31381 | Orc:1    | Reached skill level 10 in Long Blades
 31381 | Orc:1    | Reached skill level 10 in Axes
 31381 | Orc:1    | Reached skill level 10 in Maces & Flails
 31381 | Orc:1    | Reached skill level 10 in Polearms
 31381 | Orc:1    | Reached skill level 10 in Staves
 31381 | Orc:1    | Reached skill level 10 in Ranged Weapons
 31381 | Orc:1    | Reached skill level 10 in Throwing
 31381 | Orc:1    | Reached skill level 10 in Armour
 31381 | Orc:1    | Reached skill level 10 in Stealth
 31381 | Orc:1    | Reached skill level 10 in Shields
 31381 | Orc:1    | Reached skill level 10 in Unarmed Combat
 31601 | Orc:2    | Entered Level 2 of the Orcish Mines
 31605 | Orc:2    | Noticed an orc warlord
 31837 | Orc:1    | Found Sigakeh's Jewellery Shop.
 31901 | Orc:2    | Reached skill level 13 in Dodging
 31987 | Orc:2    | Found a staircase to the Elven Halls.
 31992 | Orc:2    | Killed an orc warlord
 32375 | Orc:2    | Noticed Maurice
 32567 | Orc:2    | Maurice stole a ring of protection from fire
 32570 | Orc:2    | Killed Maurice
 33749 | Orc:2    | Noticed an orc warlord
 33759 | Orc:2    | Killed an orc warlord
 33898 | Orc:2    | Found Cemext's Antique Armour Shop.
 33899 | Orc:2    | Found Padaurr's Antique Weapon Boutique.
 33901 | Orc:2    | Found Maxisos's General Store.
 33901 | Orc:2    | Found Usulas's Book Shop.
 34387 | Orc:2    | Bought a book of Iron for 448 gold pieces
 34392 | Orc:2    | Learned a level 4 spell: Summon Lightning Spire
 34455 | Orc:1    | Bought a ring of the Octopus King {rCorr HP+2 AC+2 EV+2
                  | SH+2} for 789 gold pieces
 34455 | Orc:1    | Found the ring of the Octopus King {rCorr HP+2 AC+2 EV+2
                  | SH+2}
 34476 | Orc:1    | Bought the ring of the Hero {EV+5 Int+2} for 708 gold
                  | pieces
 34775 | Shoals:1 | Entered Level 1 of the Shoals
 34775 | Shoals:1 | Identified the amulet of the Raven {RegenMP rN+}
 35091 | Shoals:1 | Found Odeehoowk's General Store.
 35156 | Shoals:1 | Found Vaililuk's Specific Store.
 36778 | Shoals:2 | Reached XP level 16. HP: 98/131 MP: 6/35
 37243 | Shoals:2 | Found Aritorot's General Store.
 37613 | Shoals:2 | Reached skill level 10 in Shapeshifting
 38733 | Shoals:4 | Entered Level 4 of the Shoals
 39128 | Shoals:4 | Found the +12 glaive of Prune {freeze, Prune}
 39477 | Shoals:4 | Found a glowing golden altar of the Shining One.
 39864 | Shoals:4 | Identified the +9 trident "Necucza" {protect, rC+}
 39942 | Shoals:4 | Found a white marble altar of Elyvilon.
 40281 | Shoals:3 | Learned a level 6 spell: Plasma Beam
 40371 | Shoals:4 | Reached skill level 14 in Dodging
 40766 | Shoals:4 | Got a barnacled rune of Zot
 41403 | Shoals:4 | Found a glowing silver altar of Zin.
 41413 | Shoals:4 | Reached skill level 10 in Earth Magic
 41490 | Shoals:4 | Identified the +6 quarterstaff "Oxusu" {vamp, Str+4}
 41501 | Shoals:4 | Reached XP level 17. HP: 105/137 MP: 27/36
 41932 | Shoals:4 | Identified the Volume of Force
 41956 | Shoals:4 | Noticed a kraken
 41969 | Shoals:4 | Killed a kraken
 42324 | Orc:2    | Bought a shadowed robe for 159 gold pieces
 42324 | Orc:2    | Identified the +0 robe of the Dragon {Regen+ Int+3 Stlth-}
                  | (You bought it in a shop on level 2 of the Orcish Mines)
 42581 | Spider:1 | Entered Level 1 of the Spider Nest
 42599 | Spider:1 | Killed from afar by a jorogumo

Illustrated notes

Levels and vault maps discovered:
D:1:      dpeg_arrival_shelter, layout_rooms, minmay_vboxes
D:2:      layout_loops_cross, basic_altar, serial_undead, serial_undead_d,
          serial_undead_e, serial_undead_e, serial_undead_f,
          ebering_ecumenical_altar_sacrificial
D:3:      layout_loops_ring, amcnicky_altar_gilded, kennysheep_cluttered_room,
          minmay_misc_feat_cross, solitary_fountain
D:4:      layout_basic, hangedman_ru_absence, old_standard_altar,
          minmay_temple_entry_drinking_statues, gammafunk_ghost_split
D:5:      layout_rooms, makhleb_heckhound_becter, mainiacjoe_overflow_brackets
D:6:      layout_basic, mainiacjoe_overflow_paths, mainiacjoe_overflow_24_doors,
          grunt_ministairs_4, uniq_prince_ribbit1, uniq_grinder, uniq_edmund,
          uniq_menkaure
D:7:      layout_basic, lemuel_round_altar, vehumet_statue,
          nicolae_concentric_dashed_squares_mild, minmay_nine_imps
D:8:      layout_layer_cave, overflow_temple_1_default
D:9:      layout_roguey, orc_david_3, evilmike_butchery
D:10:     layout_roguey, yredelemnul_altar_generic,
          nicolae_overflow_crystal_walls, minmay_lair_entry_grove,
          minmay_misc_feat_rows
D:11:     layout_grid_maze, serial_shops, kennysheep_mini
D:12:     layout_rooms
D:13:     layout_cave_pools, skrybe_vaults_entry_preservation, kennysheep_dice
Lair:1:   layout_cave_pods
Lair:2:   layout_roguey, grunt_megastairs_5
Lair:3:   layout_layer_cave, elwin_shoals_entry_rooms,
          hellmonk_spider_entry_life_and_decay, nicolae_volcano_entry_s_turn
Lair:4:   layout_gridlike, small_statue_intersection, serial_bayou_shore_b,
          uniq_kirke
Lair:5:   guppyfry_lair_end_dragon, layout_hall_layers,
          minmay_slime_entry_oklob_enclosed, infiniplex_staircase_pool_2,
          grunt_megastairs_2, serial_bayou_shore_b
Shoals:1: layout_shoals, nicolae_specific_store,
          nicolae_shoals_spring_well_temple
Shoals:2: layout_shoals, serial_shops, nicolae_stop_n_shop_1
Shoals:3: layout_shoals
Shoals:4: shoals_end_hellmonk_holy_island
Spider:1: layout_spider_delve, nicolae_spider_twisty_arc_passages
Orc:1:    layout_diamond_mine, serial_shops, shop, shop, nicolae_shop_stone,
          shop, shop, nicolae_orc_bridge_out, lightli_church_of_beogh
Orc:2:    st_orc_congregation, layout_caves, portal_ice_cave_demonic_guard,
          uniq_maurice

Skill      XL: |  1  2  3  4  5  6  7  8  9 10 11 12 13 14 15 16 |
---------------+-------------------------------------------------+-----
Earth Magic    | 2 3 4 5 6 7 8 9 10 | 10.0
Invocations    | 1 2 3 4 5 6 7 8 9 10 11 12 | 12.6
Fighting       | 1 2 3 4 5 7 8 9 10 11 | 11.6
Short Blades   | 1 2 3 4 5 7 8 9 10 11 | 11.6
Long Blades    | 1 2 3 4 5 7 8 9 10 11 | 11.6
Axes           | 1 2 3 4 5 7 8 9 10 11 | 11.6
Maces & Flails | 1 2 3 4 5 7 8 9 10 11 | 11.6
Polearms       | 1 2 3 4 5 7 8 9 10 11 | 11.6
Staves         | 1 2 3 4 5 7 8 9 10 11 | 11.6
Ranged Weapons | 1 2 3 4 5 7 8 9 10 11 | 11.6
Throwing       | 1 2 3 4 5 7 8 9 10 11 | 11.6
Armour         | 1 2 3 4 5 7 8 9 10 11 | 11.6
Stealth        | 1 2 3 4 5 7 8 9 10 11 | 11.6
Shields        | 1 2 3 4 5 7 8 9 10 11 | 11.6
Unarmed Combat | 1 2 3 4 5 7 8 9 10 11 | 11.6
Shapeshifting  | 1 2 3 4 5 6 7 8 9 10 | 10.7
Conjurations   | 1 2 3 4 5 6 7 8 9 |  9.8
Hexes          | 1 2 3 4 5 6 7 8 9 |  9.8
Summonings     | 1 2 3 4 5 6 7 8 9 |  9.8
Necromancy     | 1 2 3 4 5 6 7 8 9 |  9.8
Translocations | 1 2 3 4 5 6 7 8 9 |  9.8
Transmutations | 1 2 3 4 5 6 7 8 9 |  9.8
Fire Magic     | 1 2 3 4 5 6 7 8 9 |  9.8
Ice Magic      | 1 2 3 4 5 6 7 8 9 |  9.8
Air Magic      | 1 2 3 4 5 6 7 8 9 |  9.8
Poison Magic   | 1 2 3 4 5 6 7 8 9 |  9.8
Evocations     | 5 6 7 8 9 10 11 12 | 12.4
Dodging        | 9 10 11 12 13 14 | 14.2
Spellcasting   | 8 9 10 11 12 13 | 13.5

Action                     |  1- 3 |  4- 6 |  7- 9 | 10-12 | 13-15 | 16-18 || total
---------------------------+-------+-------+-------+-------+-------+-------++-------
  Melee: Club              |     1 |     8 |    19 |    16 |       |       ||    44
         Bite              |       |       |     3 |    55 |   160 |    44 ||   262
         Punch             |       |       |     1 |       |       |       ||     1
         Dire flail        |       |       |       |   403 |  1004 |   258 ||  1665
         Unarmed           |       |       |       |       |     1 |       ||     1
   Cast: Sandblast         |    58 |    99 |   277 |   268 |       |       ||   702
         Stone Arrow       |       |     8 |    26 |    64 |     3 |       ||   101
         Poisonous Vapours |       |       |       |     7 |       |       ||     7
         Volatile Blastmot |       |       |       |    14 |     3 |       ||    17
         Ensorcelled Hiber |       |       |       |     7 |       |       ||     7
         Summon Ice Beast  |       |       |       |    19 |    20 |    10 ||    49
         Monstrous Menager |       |       |       |     1 |   145 |   100 ||   246
         Summon Lightning  |       |       |       |       |     6 |    26 ||    32
         Summon Mana Viper |       |       |       |       |     4 |    12 ||    16
         Plasma Beam       |       |       |       |       |       |     2 ||     2
 Invoke: Curse Item        |       |       |     3 |     5 |     1 |       ||     9
         Shatter the Chain |       |       |     1 |     1 |     1 |     1 ||     4
  Evoke: Wand              |       |       |       |       |     1 |       ||     1
    Use: Scroll            |       |     2 |     2 |     6 |     3 |     1 ||    14
         Potion            |       |       |     2 |     7 |     1 |     5 ||    15
   Stab: Sleeping          |       |       |       |     5 |     9 |     2 ||    16
         Distracted        |       |       |       |     2 |    27 |     5 ||    34
 Armour: Leather armour    |     9 |    35 |    15 |       |       |       ||    59
         Robe              |       |       |   110 |   382 |   444 |   170 ||  1106
  Dodge: Dodged            |    18 |    73 |   235 |   885 |   965 |   271 ||  2447

Table legend: (Time is in decaauts)
 A = Elapsed time spent in this place.
 B = Non-inter-level travel time spent in this place.
 C = Inter-level travel time spent in this place.
 D = Time resting spent in this place.
 E = Time spent auto-exploring this place.
 F = Levels seen in this place.
 G = Mean time per level.
                   A        B        C        D        E       F      G
               +--------+--------+--------+--------+--------+-----+--------+
         Total |  42871 |  38822 |   4049 |    962 |  31380 |  26 | 1648.9 |
       Dungeon |  19420 |  17482 |   1938 |    302 |  14614 |  13 | 1493.8 |
          Lair |  11665 |  10631 |   1034 |    651 |   8137 |   5 | 2333.0 |
        Shoals |   7446 |   7104 |    342 |      9 |   5777 |   4 | 1861.5 |
   Spider Nest |     17 |     17 |      0 |      0 |      0 |   1 |   17.0 |
  Orcish Mines |   4215 |   3482 |    733 |      0 |   2772 |   2 | 2107.5 |
       Volcano |    105 |    105 |      0 |      0 |     80 |   1 |  105.0 |
               +--------+--------+--------+--------+--------+-----+--------+

Top non-repeatable levels by time:
  Lair:1: 3637 daAuts
  Lair:3: 2918 daAuts
Shoals:4: 2505 daAuts
     D:9: 2359 daAuts
   Orc:2: 2258 daAuts
    D:11: 2207 daAuts
     D:4: 2069 daAuts
  Lair:5: 2037 daAuts
   Orc:1: 1957 daAuts
    D:13: 1911 daAuts
Shoals:3: 1831 daAuts
     D:6: 1785 daAuts
     D:7: 1783 daAuts
Shoals:1: 1735 daAuts
  Lair:4: 1709 daAuts
